 Dungeon Crawl Stone Soup version 0.22-a0-609-gfedc9ff (webtiles) character file.

32 sking99 the Insei (level 3, 0/29 HPs)
             Began as a Draconian Transmuter on July 10, 2018.
             Slain by a gnoll
             ... wielding a +0 spear
              (5 damage)
             ... on level 4 of the Dungeon.
             The game lasted 00:01:31 (1181 turns).

sking99 the Insei (Draconian Transmuter)            Turns: 1181, Time: 00:01:32

Health: 0/29       AC:  5    Str: 12    XL:     3   Next: 10%
Magic:  6/6        EV: 12    Int: 13    God:
Gold:   60         SH:  0    Dex: 12    Spells: 5/6 levels left

rFire    . . .     SeeInvis .     - Unarmed
rCold    . . .     Gourm    .   (no shield)
rNeg     . . .     Faith    .   (armour unavailable)
rPois    .         Spirit   .   (helmet restricted)
rElec    .         Reflect  .   (no cloak)
rCorr    .         Harm     .   (no gloves)
MR       .....                  (no boots)
Stlth    +.........             (no amulet)
HPRegen  0.09/turn              (no ring)
MPRegen  0.10/turn              (no ring)

@: no status effects
A: unfitting armour, cold-blooded, AC +5
a: no special abilities


You were on level 4 of the Dungeon.
You were very hungry.

You visited 1 branch of the dungeon, and saw 3 of its levels.

You collected 60 gold pieces.

Inventory:

Missiles
 a - 12 arrows
Jewellery
 i - an uncursed amulet of guardian spirit {unknown}
 j - a +3 ring of evasion {unknown}
Scrolls
 g - a scroll of remove curse
Potions
 b - a potion of ambrosia {unknown}
 f - a potion of agility {unknown}
 h - a potion of curing {unknown}
Comestibles
 c - 3 rations


   Skills:
 + Level 1.7 Fighting
 + Level 2.1 Dodging
 * Level 3.5 Unarmed Combat
 - Level 2.0 Spellcasting
 + Level 2.3 Transmutations


You had 5 spell levels left.
You knew the following spells:

 Your Spells              Type           Power        Failure   Level  Hunger
a - Beastly Appendage     Tmut           #.....       10%         1    ##.....

Your spell library contained the following spells:

 Spells                   Type           Power        Failure   Level  Hunger
 Spider Form              Tmut/Pois      #.........   43%         3    ####...
 Blade Hands              Tmut           #.........   95%         5    ######.
 Ice Form                 Ice/Tmut       #.......     83%         4    #####..
 Sticks to Snakes         Tmut           #.......     14%         2    ###....


Dungeon Overview and Level Annotations

Branches:
Dungeon (2/15)

Altars:


Innate Abilities, Weirdness & Mutations

Your plain brown scales are hard. (AC +5)
You cannot fit into any form of body armour.
You are cold-blooded and may be slowed by cold attacks.


Message History

The gnoll shouts!
The howler monkey hoots and howls with incredible vigour!
The worker ant waves its antennae.
You hear a bark!
The howler monkey hits you.
Found a scroll of remove curse.
The howler monkey hits you. The gnoll hits you but does no damage.
The adder skeleton closely misses you.
The howler monkey hits you but does no damage.
The worker ant waves its antennae.
The adder skeleton bites you.
The howler monkey hoots and howls with incredible vigour!
The gnoll closely misses you. The gnoll hits you with a flail!
* * * LOW HITPOINT WARNING * * *
The gnoll hits you but does no damage.
You are feeling very hungry.
The gnoll hits you from afar with a spear.
You die...

############
##..........##
#......%....?##
#...>..........#
#.........gag..#
#...........hZ.#
............g@..#
###..............#
..............##
..##..........##
.......## .......
....... .......


You could see a howler monkey (inner flame), a worker ant (inner flame), 3
gnolls and an adder skeleton (inner flame).

Vanquished Creatures
  2 dart slugs (D:1)
  2 leopard geckos
  A ball python (D:1)
  4 bats
  2 goblins (D:1)
  2 hobgoblins (D:1)
  4 jackals (D:1)
  A frilled lizard (D:1)
  4 kobolds (D:1)
  A quokka skeleton (D:4)
  2 rats (D:1)
25 creatures vanquished.

Notes
Turn   | Place    | Note
-------+----------+-------------------------------------------
     0 | D:1      | sking99 the Draconian Transmuter began the quest for the Orb.
     0 | D:1      | Reached XP level 1. HP: 16/16 MP: 3/3
   204 | D:1      | Reached XP level 2. HP: 17/23 MP: 5/5
  1063 | D:1      | Reached XP level 3. HP: 26/29 MP: 6/6
  1166 | D:2      | You fall through a shaft for 2 floors!
  1181 | D:4      | Slain by a gnoll

Vault maps used:
D:1:      matt_arrival_refuge, minmay_pentomino_x2
D:2:      lemuel_crystal_altar, uniq_jessica, uniq_terence
D:4:      fiery_altar_vehumet, minmay_temple_entry_fiery

Skill      XL: |  1  2 |
---------------+-------+-----
Dodging        | 2 |  2.1
Fighting       | |  1.7
Unarmed Combat | |  3.5
Spellcasting   | |  2.0
Transmutations | |  2.3

Action                   || total
-------------------------++-------
Melee: Unarmed           ||   121
       Tailslap          ||     7
 Cast: Beastly Appendage ||     2
  Use: Scroll            ||     3
 Stab: Sleeping          ||     1
Armor: Skin              ||    68
Dodge: Dodged            ||   109

Table legend:
 A = Spawn XP
 B = Non-spawn XP
 C = Spawn XP percentage of total XP
 D = Spawn monster count
 E = Non-spawn monster count
 F = Spawn count percentage of total count
 G = Total turns spent on level
                    A         B        C        D         E        F      G
               +---------+---------+-------+---------+---------+-------+---------
         Total |       0 |      47 |   0.0 |       0 |      25 |   0.0 |  1181
               +---------+---------+-------+---------+---------+-------+---------
           D:1 |       0 |      41 |   0.0 |       0 |      22 |   0.0 |  1154
           D:2 |       0 |       5 |   0.0 |       0 |       2 |   0.0 |    12
           D:4 |       0 |       1 |   0.0 |       0 |       1 |   0.0 |    15
               +---------+---------+-------+---------+---------+-------+---------
